 Dungeon Crawl Stone Soup version 0.20.1-1-g8b1a95d (console) character file.

3420 hilaritas the Basher (level 10, -3/53 HPs)
             Began as a Gargoyle Fighter on Nov 5, 2017.
             Was a Believer of Hepliaklqana.
             Slain by an orc warlord
             ... wielding a +1 great sword of freezing
              (52 damage)
             ... in a bailey.
             The game lasted 00:19:41 (6726 turns).

hilaritas the Basher (Gargoyle Fighter)             Turns: 6726, Time: 00:19:42

Health: -3/53      AC: 26    Str: 28    XL:     10   Next: 5%
Magic:  13/13      EV: 11    Int:  9    God:    Hepliaklqana [**....]
Gold:   382        SH: 14    Dex: 19    Spells: 9/9 levels left

rFire    + . .     SeeInvis .   i - +1 mace (protect)
rCold    . . .     Gourm    .   c - +1 shield
rNeg     + . .     Faith    .   v - +0 plate armour
rPois    ∞         Spirit   .   (no helmet)
rElec    +         Reflect  .   (no cloak)
rCorr    .         Harm     +   (no gloves)
MR       .....                  (no boots)
Stlth    ..........             B - amulet of harm
Regen    0.2/turn               e - +5 ring of dexterity
MPRegen  0.2/turn               D - ring of protection from fire

@: mighty, agile, protection aura
A: reduced essence, negative energy resistance 1, electricity resistance,
unbreathing, petrification resistance, rot immunity, AC +7
a: Recall Ancestor, Ancestor Identity, Renounce Religion


You were in a bailey.
You worshipped Hepliaklqana.
Hepliaklqana was pleased with you.
You were not hungry.

You visited 1 branch of the dungeon, and saw 7 of its levels.
You also visited: Bailey.

You collected 382 gold pieces.

Inventory:

Hand Weapons
 a - a +0 flail
 i - a +1 mace of protection (weapon)
Missiles
 C - 3 throwing nets (quivered)
Armour
 c - a +1 shield (worn)
 v - a +0 plate armour (worn)
Jewellery
 e - a +5 ring of dexterity (left hand)
 w - a +1 ring of evasion
 x - a +3 ring of dexterity
 y - an uncursed ring of magical power
 B - an amulet of harm (around neck)
 D - a ring of protection from fire (right hand)
Scrolls
 h - 6 scrolls of identify
 l - 8 scrolls of teleportation
 m - a scroll of recharging
 n - a scroll of blinking
 s - a scroll of remove curse
Potions
 g - 3 potions of brilliance {unknown}
 k - 3 potions of agility
 o - a potion of magic {unknown}
 p - 3 potions of heal wounds {unknown}
 q - 2 potions of flight {unknown}
 r - 7 potions of curing {unknown}
 t - 2 potions of mutation {unknown}
 A - 2 potions of haste {unknown}
Comestibles
 b - 3 royal jellies
 f - 6 bread rations
 j - 2 meat rations
 z - 7 chunks of flesh


   Skills:
 * Level 5.2 Fighting
 - Level 10.0 Maces & Flails
 + Level 5.0 Armour
 + Level 8.9 Shields
 * Level 4.1 Invocations


You had 9 spell levels left.
You didn't know any spells.

Dungeon Overview and Level Annotations

Branches:
Dungeon (7/15)             Temple (0/1) D:7

Altars:
Ashenzari
Dithmenos
Hepliaklqana
Nemelex Xobeh
Trog
Xom

Shops:
D:7 (


Innate Abilities, Weirdness & Mutations

You are resistant to torment.
Your stone body is resilient. (AC +7)
You are immune to poison.
You resist negative energy. (rN+)
You are resistant to electric shocks. (rElec)
You can survive without breathing.
You are immune to petrification.
You are immune to rotting.
Your life essence is reduced to manifest your ancestor. (-10% HP)


Message History

The orc warlord freezes you. The orc warrior completely misses you.
The orc knight roars a battlecry!
The orc warlord goes into a battle-frenzy!
You sock the orc warlord!
The orc warlord is moderately wounded.
You block the orc warlord's attack. You block the orc warrior's attack.
You thump the orc warlord!
The orc warlord is moderately wounded.
The orc warrior no longer looks unusually strong.
You block the orc warlord's attack.
You sock the orc warlord!
The orc warlord is heavily wounded.
The orc knight no longer looks unusually strong.
You block the orc warrior's attack.
You sock the orc warlord!
The orc warlord is severely wounded.
You block the orc warrior's attack.
The orc warlord hits you with a great sword of freezing!!!
Ouch! That really hurt!
You die...

####### ##..∩..## #.......#
##.......## #.........#
##.........##
#######.....⌠.....#######
##...).##........)##.....##
#....)))'........)).......#
##.......##.......##.......##
#.........#...o@..#.........#
##.........##88o88##.........##
#.....⌠.....###g###.....⌠.....#
##.........##


oo. ##.........## #.........# goog. #.........# ##.......##.gog..o##.......##
#.......#.........#.......# ##.....##........o##..)))##
##)####...g...g...####)## ##).)..## ##.....## #.)))...# #.......# You could see
an orc warlord, 2 orc knights, 4 orc warriors, 2 gnolls and 2 hobgoblins.

Vanquished Creatures
  A two-headed ogre (D:4)
  3 orc warriors (Bailey)
  A phantom (D:5)
  An ice beast (D:6)
  A necrophage (D:7)
  4 ogres
  3 bullfrogs
  A scorpion (D:7)
  A howler monkey (D:5)
  2 crimson imps
  A hound (D:4)
  3 orc priests
  A bullfrog skeleton (D:4)
  An orc wizard (D:4)
  A mummy (D:4)
  2 hound skeletons (D:4)
  44 gnolls
  5 adders
  A shadow imp (D:6)
  An ooze (D:3)
  An adder skeleton (D:4)
  A worm (D:3)
  2 dart slugs
  3 leopard geckos
  25 orcs
  4 ball pythons
  3 giant cockroaches
  18 goblins
  11 hobgoblins
  23 jackals
  7 quokkas
  8 bats
  A giant cockroach zombie (D:6)
  A hobgoblin zombie (D:4)
  7 kobolds
  2 kobold zombies (D:4)
  An orc zombie (D:4)
  6 rats
202 creatures vanquished.

Vanquished Creatures (collateral kills)
  3 orc warriors (Bailey)
  A gnoll sergeant (D:6)
  A jelly (D:6)
  A gnoll shaman (D:6)
  2 orc wizards
  An adder (D:6)
  16 gnolls
  A shadow imp (D:5)
  An adder skeleton (D:5)
  9 orcs
  A hobgoblin (Bailey)
  8 jackals (D:6)
  4 goblins (Bailey)
  A jackal skeleton (D:5)
50 creatures vanquished.

Vanquished Creatures (others)
  A knight (Bailey)
  2 ancestors
3 creatures vanquished.

Grand Total: 255 creatures vanquished

Notes
Turn   | Place    | Note
-------+----------+-------------------------------------------
     0 | D:1      | hilaritas the Gargoyle Fighter began the quest for the Orb.
     0 | D:1      | Reached XP level 1. HP: 14/14 MP: 1/1
   201 | D:1      | Reached XP level 2. HP: 19/19 MP: 2/2
   461 | D:1      | Reached XP level 3. HP: 23/23 MP: 3/3
   868 | D:2      | Reached skill level 3 in Maces & Flails
  1200 | D:2      | Reached XP level 4. HP: 28/28 MP: 4/4
  2170 | D:3      | Reached skill level 4 in Maces & Flails
  2170 | D:3      | Reached XP level 5. HP: 11/32 MP: 5/5
  2816 | D:4      | Noticed an ogre
  2827 | D:4      | Killed an ogre
  2827 | D:4      | Reached skill level 5 in Maces & Flails
  2827 | D:4      | Reached XP level 6. HP: 32/37 MP: 6/6
  2988 | D:4      | Noticed a two-headed ogre
  3000 | D:4      | Killed a two-headed ogre
  3000 | D:4      | Reached skill level 8 in Maces & Flails
  3000 | D:4      | Reached skill level 5 in Shields
  3000 | D:4      | Reached XP level 7. HP: 41/41 MP: 7/7
  3000 | D:4      | Reached XP level 8. HP: 46/46 MP: 8/8
  3245 | D:4      | Found a shimmering altar of Xom.
  3256 | D:4      | Found a sparkling altar of Nemelex Xobeh.
  3551 | D:4      | Found a hazy altar of Hepliaklqana.
  3584 | D:4      | Found a bloodstained altar of Trog.
  3622 | D:4      | Became a worshipper of Hepliaklqana the Forgotten
  3656 | D:5      | Entered Level 5 of the Dungeon
  3776 | D:5      | Found a shattered altar of Ashenzari.
  4009 | D:5      | Found a shadowy altar of Dithmenos.
  4038 | D:5      | Reached skill level 9 in Maces & Flails
  4486 | D:6      | Reached * piety under Hepliaklqana
  4818 | D:6      | Reached skill level 1 in Invocations
  4904 | D:6      | Reached XP level 9. HP: 45/45 MP: 10/10
  4952 | D:6      | Reached skill level 10 in Maces & Flails
  5158 | D:6      | Noticed a meliai
  6227 | D:7      | Found Meimn's Antique Weapon Boutique.
  6241 | D:7      | Found a staircase to the Ecumenical Temple.
  6333 | D:7      | Found a flagged portal.
  6353 | Bailey   | Entered a bailey
  6416 | Bailey   | Reached ** piety under Hepliaklqana
  6417 | Bailey   | Remembered your ancestor Aethelflaed as a knight
  6532 | Bailey   | Reached skill level 5 in Fighting
  6588 | Bailey   | Reached XP level 10. HP: 52/53 MP: 12/12
  6642 | Bailey   | Reached skill level 5 in Armour
  6704 | Bailey   | Noticed an orc knight
  6704 | Bailey   | Noticed an orc warlord
  6709 | Bailey   | Noticed an orc knight
  6726 | Bailey   | Slain by an orc warlord

Skill      XL: |  1  2  3  4  5  6  7  8  9 10 |
---------------+-------------------------------+-----
Shields        | 4 5 6 8 |  8.9
Maces & Flails | 3 4 5 8 9 10 | 10.0
Invocations    | 1 3 4 |  4.1
Fighting       | 5 |  5.2
Armour         | 4 5 |  5.0

Action                   |  1- 3 |  4- 6 |  7- 9 | 10-12 || total
-------------------------+-------+-------+-------+-------++-------
Melee: Flail             |    11 |       |       |       ||    11
       Mace              |    98 |   131 |   507 |    61 ||   797
Invok: Ancestor Identity |       |       |     1 |       ||     1
       Ancestor Life: Kn |       |       |     1 |       ||     1
  Use: Potion            |       |     1 |       |     2 ||     3
       Scroll            |       |     9 |     1 |       ||    10
 Stab: Distracted        |       |       |     3 |       ||     3
  Eat: Chunk             |     1 |     6 |    12 |     1 ||    20
Armor: Scale mail        |    67 |    30 |       |       ||    97
       Plate armour      |       |    48 |   258 |    47 ||   353
Dodge: Dodged            |    33 |    32 |    90 |    20 ||   175
Block: Shield            |    73 |    70 |   349 |    74 ||   566
